 Dungeon Crawl Stone Soup version 0.24-a0-580-g6a6c3f83c1 (webtiles) character file.

Game seed: 9713411796028336618

270 Peloso the Shield-Bearer (level 6, -8/53 HPs)
             Began as a Minotaur Fighter on Aug 22, 2019.
             Was an Initiate of Okawaru.
             Killed by divine providence
             ... invoked by an orc priest
              (12 damage)
             ... on level 3 of the Dungeon.
             The game lasted 00:04:19 (2079 turns).

Peloso the Shield-Bearer (Minotaur Fighter)         Turns: 2079, Time: 00:04:19

Health: -8/53      AC:  9    Str: 22      XL:     6   Next: 1%
Magic:  5/5        EV:  8    Int:  5      God:    Okawaru [......]
Gold:   183        SH: 10    Dex:  9 (10) Spells: 5/5 levels left

rFire    . . .     SeeInvis .   a - +0 long sword
rCold    . . .     Gourm    .   c - +0 shield
rNeg     . . .     Faith    .   b - +0 scale mail
rPois    .         Spirit   .   (helmet restricted)
rElec    .         Reflect  .   g - scarf {repulsion}
rCorr    .         Harm     .   j - +0 pair of gloves
MR       .....                  n - +0 pair of boots
Stlth    ..........             (no amulet)
HPRegen  0.17/turn              (no ring)
MPRegen  0.09/turn              (no ring)

@: repel missiles
A: retaliatory headbutt, horns 2
a: Renounce Religion


You were on level 3 of the Dungeon.
You worshipped Okawaru.
Okawaru was noncommittal.
You were not hungry.

You visited 1 branch of the dungeon, and saw 3 of its levels.

You collected 183 gold pieces.

Inventory:

Hand Weapons
 a - a +0 long sword (weapon)
Armour
 b - a +0 scale mail (worn)
 c - a +0 shield (worn)
 g - a scarf of repulsion (worn)
 j - a +0 pair of gloves (worn)
 n - a +0 pair of boots (worn)
Scrolls
 e - 3 scrolls of remove curse
 h - a scroll of teleportation
 i - 3 scrolls of identify
 k - a scroll of enchant armour
 m - a scroll of noise {unknown}
Potions
 d - 4 potions of might
 o - a potion of agility {unknown}
Comestibles
 f - 5 rations


   Skills:
 + Level 4.5 Fighting
 + Level 4.7 Long Blades
 + Level 4.7 Armour
 + Level 1.2 Dodging
 + Level 0.7 Stealth
 + Level 5.1 Shields


You had 5 spell levels left.
You didn't know any spells.
Your spell library was empty.

Dungeon Overview and Level Annotations

Branches:
Dungeon (3/15)

Altars:
Cheibriados
Elyvilon
Makhleb
Okawaru
Qazlal
Wu Jian


Innate Abilities, Weirdness & Mutations

You reflexively headbutt those who attack you in melee.
You have a pair of horns on your head.


Message History

The orc priest is healed somewhat.
The orc priest invokes the aid of Beogh against you.
Beogh smites you!
* * * LOW HITPOINT WARNING * * *
You feel better.
The orc priest mumbles some strange prayers to Beogh against you.
Beogh smites you!
* * * LOW HITPOINT WARNING * * *
Unknown command.
You block the orc priest's attack.
Your shield prevents you from hitting the orc priest.
Your headbutt misses the orc priest.
The orc priest looks braver for a moment.
The orc priest calls down the wrath of Beogh upon you.
You barely resist. You slash the orc priest! You headbutt the orc priest.
The orc priest is severely wounded.
The orc priest mumbles some strange prayers to Beogh against you.
Beogh smites you!
You die...

#......##.#..####. #.#
#..#.#.. #.##.#.##........
#.# ##......
#.#.##........... #.#
#...... ...###.##..).#####
##.####......
#.###............#
o....##.#.#.. #.#
#..###..####.#
.....#....#.. #.# #..# #..#
#.# .......#..#.. #.###..#
#..# #.# .....#...####
.......#
#..####@###.....##.#
..##...###.......ooo.......
####.......################
#............#########
##)#########.........# #.)#
#########.# ##.## #.#
##...## #.# ##.....########
#####.#########


You could see 2 orc priests and an orc.

Vanquished Creatures
  A centaur (D:3)
  A quasit (D:3)
  3 gnolls (D:3)
  5 adders
  2 oozes (D:2)
  2 worms
  2 dart slugs (D:2)
  A leopard gecko (D:1)
  An orc (D:3)
  5 giant cockroaches
  9 hobgoblins
  A quokka (D:3)
  6 bats
  5 frilled lizards
  8 goblins
  10 kobolds
  6 rats
68 creatures vanquished.

Notes
Turn   | Place    | Note
-------+----------+-------------------------------------------
     0 | D:1      | Peloso the Minotaur Fighter began the quest for the Orb.
     0 | D:1      | Reached XP level 1. HP: 19/19 MP: 0/0
   290 | D:1      | Reached XP level 2. HP: 27/27 MP: 1/1
   576 | D:1      | Reached skill level 4 in Shields
   712 | D:2      | Found an ornate altar of the Wu Jian Council.
   723 | D:2      | Reached XP level 3. HP: 31/33 MP: 2/2
   770 | D:2      | Reached skill level 1 in Dodging
   795 | D:2      | Found an iron altar of Okawaru.
   803 | D:2      | Became a worshipper of Warmaster Okawaru
   977 | D:2      | Reached XP level 4. HP: 32/41 MP: 3/3
  1060 | D:2      | Found a white marble altar of Elyvilon.
  1121 | D:2      | Found a snail-covered altar of Cheibriados.
  1374 | D:2      | Found a burning altar of Makhleb.
  1480 | D:3      | Noticed a centaur
  1489 | D:3      | Killed a centaur
  1489 | D:3      | Reached XP level 5. HP: 41/47 MP: 4/4
  1572 | D:3      | Found a stormy altar of Qazlal.
  1921 | D:3      | Reached skill level 5 in Shields
  1921 | D:3      | Reached XP level 6. HP: 51/53 MP: 5/5
  2072 | D:3      | HP: 2/53 [orc priest/divine providence (14)]
  2079 | D:3      | Killed from afar by an orc priest

Levels and vault maps discovered:
D:1:      erik_arrival_cave_to_civilisation [erik_arrival_cave_to_hall],
          layout_loops_ring, serial_glass, glass_columns_b, glass_columns_c
D:2:      layout_loops_ring, overflow_temple_1_default, old_standard_altar,
          lightli_temple_of_fire, old_standard_altar, kennysheep_slug_shrine
D:3:      layout_loops_ring, lemuel_round_altar

Skill      XL: |  1  2  3  4  5 |
---------------+----------------+-----
Armour         | 4 |  4.7
Fighting       | 4 |  4.5
Shields        | 4 5 |  5.1
Long Blades    | 3 4 |  4.7
Dodging        | 1 |  1.2
Stealth        | |  0.7

Action                   |  1- 3 |  4- 6 || total
-------------------------+-------+-------++-------
Melee: Long sword        |    74 |    93 ||   167
       Headbutt          |    13 |    23 ||    36
  Use: Potion            |     2 |     1 ||     3
       Scroll            |       |     4 ||     4
  Eat: Chunk             |       |     4 ||     4
Armor: Scale mail        |    29 |    45 ||    74
Dodge: Dodged            |    18 |    42 ||    60
       Deflected         |     2 |     1 ||     3
Block: Shield            |    41 |    55 ||    96
       Rpst.: Long sword |     3 |     6 ||     9

Table legend:
 A = Non-vault XP
 B = Vault XP
 C = Vault XP percentage of total XP
 D = Non-vault monster count
 E = Vault monster count
 F = Vault count percentage of total count
                 A         B        C        D         E       F
            +---------+---------+-------+---------+---------+-------
      Total |     378 |       9 |   2.3 |      65 |       3 |   4.4
            +---------+---------+-------+---------+---------+-------
        D:1 |      28 |       5 |  15.2 |      18 |       2 |  10.0
        D:2 |     102 |       4 |   3.8 |      25 |       1 |   3.8
        D:3 |     248 |       0 |   0.0 |      22 |       0 |   0.0
            +---------+---------+-------+---------+---------+-------
